[Event "Queen Rapid Challenge 2024"]
[Site "Bucharest"]
[Date "2024.03.10"]
[Round "1.1"]
[White "Bulmaga, Irina"]
[Black "Badica, Ariana"]
[Result "1-0"]
[ECO "B94"]
[WhiteElo "2429"]
[BlackElo "1708"]
[Annotator "TA"]
[PlyCount "79"]
[EventDate "2024.03.09"]
[EventType "rapid"]
[EventCountry "ROU"]
[SourceTitle "playchess.com"]
[Source "ChessBase"]
[SourceQuality "1"]
[TimeControl "900+10"]

1. e4 c5 2. Nf3 d6 3. d4 cxd4 4. Nxd4 Nf6 5. Nc3 a6 6. Bg5 Nbd7 7. Qe2 b5 8. a3 Bb7 9. f4 {[%emt 0:00:09] The position is equal.} Qc7 (9... e5 $142 10. Nb3 Be7) 10. O-O-O $11 e6 11. g4 Be7 12. Bxf6 Nxf6 (12... Bxf6 $11 {remains equal.} 13. g5 Bxd4 14. Rxd4 O-O) 13. g5 $16 Nd7 14. Kb1 Nc5 15. h4 Rc8 ({Black should play} 15... O-O-O $1 $14) 16. h5 {[%emt 0:01:02] White is more active.} ({White should try} 16. Bh3 $16) 16... Nd7 {[%emt 0:01:46] This costs Black the game.} (16... Qa5 $14) 17. Rg1 Nb6 $2 (17... Qb6) 18. g6 $18 hxg6 19. hxg6 Nc4 $2 (19... Bf6 20. gxf7+ Kxf7) 20. gxf7+ {[%emt 0:00:20] White is clearly winning.} Kxf7 {[%emt 0:00:13] [#]} 21. Rxg7+ $3 Kxg7 22. Nxe6+ Kf7 23. Nxc7 Rxc7 24. Nd5 Bxd5 25. exd5 {[%emt 0:00:10] [#] Qe6+ would now be deadly.} Ke8 26. Qe6 Kd8 27. Bd3 Re8 28. Rg1 {[%emt 0:00:26] Hoping for Rg8.} Bf8 29. Qf6+ Be7 30. Qf5 Ne3 31. Qh3 Nxd5 32. Qf3 Nb6 33. Qf2 Nc4 34. Bxc4 Rxc4 35. Qb6+ Rc7 36. Qxa6 Rc5 37. Rd1 {[%emt 0:00:21] Threatening mate with Rxd6+.} Kd7 38. Qb7+ Kd8 39. Rd5 Rxd5 40. Qxd5 {[%emt 0:00:07] Weighted Error Value: White=0.24 (precise) /Black=0.56.  Mistake:       	White=1     	Black=6      Inaccurate:     	White=3     	---        OK:         	White=6     	Black=5      Best:        	White=1     	---} 1-0

[Event "Queen Rapid Challenge 2024"]
[Site "Bucharest"]
[Date "2024.03.10"]
[Round "1.2"]
[White "Petculescu, Diana-Silvana"]
[Black "Obada, Ema"]
[Result "0-1"]
[ECO "C07"]
[WhiteElo "1734"]
[BlackElo "1976"]
[Annotator "RC"]
[PlyCount "53"]
[EventDate "2024.03.09"]
[EventType "rapid"]
[EventCountry "ROU"]
[SourceTitle "playchess.com"]
[Source "ChessBase"]
[SourceQuality "1"]
[TimeControl "900+10"]

1. e4 e6 2. d4 d5 3. Nd2 c5 4. exd5 Qxd5 5. Bc4 Qxg2 6. Qf3 Qxf3 7. Ngxf3 Nf6 8. Nb3 Nbd7 9. Be3 Ng4 10. O-O-O Nxe3 11. fxe3 Be7 12. Bb5 cxd4 13. Rxd4 Bf6 14. Rd2 a6 15. Bxd7+ Bxd7 16. Rhd1 O-O-O 17. Nc5 Bc6 18. Nd4 Bd5 19. e4 Bxd4 20. Rxd4 Bc6 21. Nb3 e5 22. Rxd8+ Rxd8 23. Rxd8+ Kxd8 24. Nd2 Ke7 25. Kd1 g6 26. Ke2 f5 27. Ke3 0-1

[Event "Queen Rapid Challenge 2024"]
[Site "Bucharest"]
[Date "2024.03.10"]
[Round "1.3"]
[White "Sgircea, Silvia-Raluca"]
[Black "Pandelescu, Maria-Catalina"]
[Result "1-0"]
[ECO "D02"]
[WhiteElo "2224"]
[BlackElo "1701"]
[Annotator "RC"]
[PlyCount "109"]
[EventDate "2024.03.09"]
[EventType "rapid"]
[EventCountry "ROU"]
[SourceTitle "playchess.com"]
[Source "ChessBase"]
[SourceQuality "1"]
[TimeControl "900+10"]

1. Nf3 d5 2. e3 c5 3. d4 Nc6 4. c3 Bf5 5. dxc5 a5 6. Nd4 Bxb1 7. Rxb1 e5 8. Nb5 Bxc5 9. Qxd5 Qb6 10. Bc4 Nh6 11. Nd6+ Bxd6 12. Qxd6 Rd8 13. Qa3 Nf5 14. O-O Nd6 15. Qb3 Qxb3 16. Bxb3 b5 17. Rd1 O-O 18. Bd5 Ne7 19. Bf3 e4 20. Be2 Nc4 21. b3 Rxd1+ 22. Bxd1 Ne5 23. Ba3 Re8 24. Be2 Nd5 25. Bxb5 Nxc3 26. Bxe8 Nxb1 27. Bd6 Nd3 28. Bc7 Nc3 29. Bxa5 Nxa2 30. f3 exf3 31. gxf3 Kf8 32. Bc6 Ke7 33. Be4 Ndb4 34. Kf2 Ke6 35. Bb1 Ke5 36. Ke1 h5 37. Kd2 Kd5 38. Bxa2 Nxa2 39. Kc2 Kc5 40. Kb2 Nb4 41. Bxb4+ Kxb4 42. Kc2 f5 43. f4 g6 44. h4 Kc5 45. Kc3 Kd5 46. b4 Kc6 47. Kc4 Kb6 48. b5 Kb7 49. Kc5 Kc7 50. Kd5 Kb6 51. Ke6 Kxb5 52. Kf6 Kc5 53. Kxg6 Kd5 54. Kxf5 Kd6 55. e4 1-0

[Event "Queen Rapid Challenge 2024"]
[Site "Bucharest"]
[Date "2024.03.10"]
[Round "1.4"]
[White "Mihalea, Maria-Ioana"]
[Black "Raeva, Elitsa"]
[Result "0-1"]
[ECO "B34"]
[WhiteElo "1712"]
[BlackElo "2185"]
[Annotator "RC"]
[PlyCount "87"]
[EventDate "2024.03.09"]
[EventType "rapid"]
[EventCountry "ROU"]
[SourceTitle "playchess.com"]
[Source "ChessBase"]
[SourceQuality "1"]
[TimeControl "900+10"]

1. e4 c5 2. Nf3 Nc6 3. d4 cxd4 4. Nxd4 g6 5. Nc3 Bg7 6. Be3 Nf6 7. Nxc6 bxc6 8. e5 Ng8 9. Bd4 Nh6 10. f4 Nf5 11. Bf2 d6 12. g4 Nh6 13. Bg2 O-O 14. g5 Ng4 15. Bg3 Ne3 16. Qe2 Nxg2+ 17. Qxg2 dxe5 18. fxe5 Qb6 19. O-O-O Rb8 20. b3 Qa5 21. Qd2 Bg4 22. Na4 Qb5 23. Rde1 e6 24. h4 c5 25. Qf4 Bf5 26. h5 Rfd8 27. hxg6 Bxg6 28. Bf2 c4 29. Qxc4 Qxc4 30. bxc4 Rb4 31. Nb2 Rdb8 32. Bd4 a5 33. Bc3 R4b7 34. Rd1 Bf8 35. Nd3 Be7 36. Rhg1 a4 37. Kd2 Rc8 38. Nb2 a3 39. Nd3 Rxc4 40. Rb1 Rxb1 41. Rxb1 Bxg5+ 42. Ke2 Rxc3 43. Rb8+ Kg7 44. Ke1 0-1

[Event "Queen Rapid Challenge 2024"]
[Site "Bucharest"]
[Date "2024.03.10"]
[Round "1.5"]
[White "Marin, Alexia-Iuliana"]
[Black "Pirvulescu, Ekaterina"]
[Result "0-1"]
[ECO "D02"]
[WhiteElo "1573"]
[BlackElo "2091"]
[Annotator "RC"]
[PlyCount "96"]
[EventDate "2024.03.09"]
[EventType "rapid"]
[EventCountry "ROU"]
[SourceTitle "playchess.com"]
[Source "ChessBase"]
[SourceQuality "1"]
[TimeControl "900+10"]

1. d4 d5 2. Bf4 Nf6 3. Nf3 c5 4. e3 Nc6 5. c3 Qb6 6. Qc2 g6 7. Be2 Bf5 8. Qc1 Bg7 9. Nbd2 c4 10. O-O O-O 11. Bg3 Nd7 12. Re1 e5 13. dxe5 Ndxe5 14. Nxe5 Nxe5 15. Nf3 Nd3 16. Bxd3 Bxd3 17. Rd1 Rad8 18. Ne1 Bf5 19. Qd2 h6 20. Nf3 Rfe8 21. Nd4 Bd3 22. Re1 Qc5 23. Rad1 Qa5 24. a3 Qa4 25. Rc1 Qd7 26. Nf3 b5 27. Red1 a5 28. Ne1 Bf5 29. Ra1 Bg4 30. Rdc1 Qe7 31. Qc2 b4 32. axb4 axb4 33. cxb4 Qxb4 34. Ra4 Qxb2 35. Qxb2 Bxb2 36. Rb1 Bg7 37. Nc2 Bf5 38. Rc1 Ra8 39. Rxa8 Rxa8 40. Nb4 Be6 41. Rd1 Ra1 42. Rxa1 Bxa1 43. Kf1 Bc3 44. Nc2 Bf5 45. Nd4 Bd3+ 46. Ne2 Bd2 47. Be5 c3 48. Bxc3 Bxc3 0-1

[Event "Queen Rapid Challenge 2024"]
[Site "Bucharest"]
[Date "2024.03.10"]
[Round "1.6"]
[White "Ciolacu, Alessia-Mihaela"]
[Black "Ivascu, Andreea-Catalina"]
[Result "1-0"]
[ECO "E18"]
[WhiteElo "2175"]
[BlackElo "1578"]
[Annotator "RC"]
[PlyCount "63"]
[EventDate "2024.03.09"]
[EventType "rapid"]
[EventCountry "ROU"]
[SourceTitle "playchess.com"]
[Source "ChessBase"]
[SourceQuality "1"]
[TimeControl "900+10"]

1. d4 d5 2. c4 e6 3. Nf3 Nf6 4. g3 Be7 5. Bg2 O-O 6. O-O b6 7. cxd5 exd5 8. Nc3 Bb7 9. Bf4 c6 10. Rc1 Bd6 11. Be5 Re8 12. Qd3 Qe7 13. Qf5 Nbd7 14. Bf4 Bxf4 15. gxf4 Qe6 16. Qd3 Ne4 17. Ng5 Nxg5 18. fxg5 Qg6 19. Qg3 Ba6 20. Rfe1 Nf8 21. e4 Ne6 22. exd5 cxd5 23. Nxd5 Qxg5 24. Qxg5 Nxg5 25. Nc7 Rxe1+ 26. Rxe1 Rf8 27. Nxa6 h6 28. d5 Rd8 29. h4 Nh7 30. Nb4 Nf6 31. Nc6 Rc8 32. Ne7+ 1-0

[Event "Queen Rapid Challenge 2024"]
[Site "Bucharest"]
[Date "2024.03.10"]
[Round "1.7"]
[White "Ivanova, Elena"]
[Black "Iordache, Alexia-Andreea"]
[Result "0-1"]
[ECO "B57"]
[WhiteElo "1560"]
[BlackElo "1866"]
[Annotator "NA RC"]
[PlyCount "122"]
[EventDate "2024.03.09"]
[EventType "rapid"]
[EventCountry "ROU"]
[SourceTitle "playchess.com"]
[Source "ChessBase"]
[SourceQuality "1"]
[TimeControl "900+10"]

1. e4 c5 2. Nf3 d6 3. d4 cxd4 4. Nxd4 Nf6 5. Nc3 Nc6 6. Bc4 Bd7 7. O-O g6 8. Be3 Bg7 9. Nb3 O-O 10. Kh1 Ne5 11. Be2 Neg4 12. Bf4 Qb6 13. Qe1 Bc6 14. f3 Ne3 15. Bxe3 Qxe3 16. Nd1 Qb6 $15 17. Nf2 Nh5 18. Nd3 Bb5 19. Nbc1 Rac8 20. c3 Nf6 21. Nb4 Bd7 22. Ncd3 a5 23. Nc2 Bb5 24. Rb1 Nd7 25. Nf4 Bc6 26. Qd1 Be5 27. Nd5 Bxd5 28. exd5 Bg7 29. Qd2 Ne5 30. Rfe1 Qc7 31. Na3 Nd7 32. Nb5 Qc5 33. c4 Nb6 34. b3 a4 35. Bd1 Rfe8 36. Rc1 axb3 37. axb3 Ra8 38. b4 Qc8 39. c5 dxc5 40. bxc5 Qd7 41. Nc3 Bxc3 42. Rxc3 Qxd5 43. Qxd5 Nxd5 44. Rd3 e6 45. Bb3 Nf6 46. Kg1 Ra3 47. Rb1 Rc8 48. Rc3 Nd5 49. Rcc1 Ne7 50. Bd1 Ra5 51. Bc2 Raxc5 52. Rb2 Nd5 53. Kf2 Nf4 54. Ke3 Nxg2+ 55. Kd2 Rd8+ 56. Ke2 Nf4+ 57. Ke3 Nd5+ 58. Ke2 Nc3+ 59. Ke1 Re5+ 60. Kf2 Rd2+ 61. Kg3 Ne2+ 0-1

[Event "Queen Rapid Challenge 2024"]
[Site "Bucharest"]
[Date "2024.03.10"]
[Round "1.9"]
[White "Cretescu, Emma"]
[Black "Sandu, Mihaela"]
[Result "0-1"]
[ECO "D05"]
[WhiteElo "1692"]
[BlackElo "2270"]
[Annotator "TA"]
[PlyCount "126"]
[EventDate "2024.03.09"]
[EventType "rapid"]
[EventCountry "ROU"]
[SourceTitle "playchess.com"]
[Source "ChessBase"]
[SourceQuality "1"]
[TimeControl "900+10"]

1. d4 Nf6 2. Nf3 e6 3. e3 d5 4. Bd3 c5 5. b3 Nc6 6. Bb2 Bd6 7. O-O Qc7 8. a3 e5 9. dxe5 Nxe5 10. Nxe5 {[%emt 0:00:14] Die Stellung ist ausgeglichen.} (10. Bb5+ {ist vielschichtiger.} Ke7 11. Nbd2 Rd8 12. h3) 10... Bxe5 11. Bxe5 Qxe5 12. Nd2 O-O 13. c4 Bg4 14. Be2 Bxe2 15. Qxe2 d4 16. Nf3 Qe4 17. Nd2 Qf5 (17... Qe6 $11) 18. exd4 $14 cxd4 19. Rad1 (19. Qf3 $14 Qc2 20. Rfd1) 19... Rad8 (19... Qc2 $11) 20. Qf3 Qa5 21. Qxb7 Qxa3 22. Rfe1 Rfe8 23. Ne4 $2 (23. Rxe8+ $14 Nxe8 24. h3) 23... Nxe4 24. Rxe4 Rxe4 25. Qxe4 Qxb3 $19 {[%emt 0:00:46][%mdl 4096] Endspiel. KQR-KQR} (25... d3 $1 $19 26. g3 Qxb3) 26. Qd3 (26. Rxd4 $2 {ist ein Selbstmatt.} Qd1+ 27. Rxd1 Rxd1+) 26... Qb4 27. h3 h6 28. Rb1 Qe7 {[%emt 0:00:25] Schwarz steht aktiver.} 29. Rc1 Qc5 30. Rb1 Rc8 (30... a5 $142 31. Ra1 g6) 31. Rd1 Qxc4 32. Qxd4 Qxd4 33. Rxd4 $17 {[%emt 0:00:06] KR-KR} a5 34. Ra4 Ra8 35. Kf1 f5 36. Ke2 Kf7 37. Kd3 Kf6 38. Kc4 Ke5 39. Kd3 Rd8+ 40. Ke3 Rd5 41. f4+ (41. Rc4 $17) 41... Ke6 42. Kf3 (42. g4 $17) 42... Rb5 43. Kg3 (43. g4 $17) 43... Kf6 (43... Kd6 $19 44. Kh4 g6) 44. Kf3 Rd5 45. g4 Rb5 46. Kg3 Ke6 47. Kf3 Kd6 48. Ke3 Kc6 49. Kf3 $2 (49. Kd2 $17 {leistet mehr Widerstand.}) 49... Rc5 (49... Rb3+ $142 50. Kg2 Kb5) 50. gxf5 Rxf5 51. Kg4 (51. Ke4 $142 Rb5 52. Rc4+ Kb6 53. Rc3) 51... Rc5 52. Kf3 $2 (52. Ra1) 52... Kb5 $19 53. Ra1 a4 {[%emt 0:00:07] [#] Droht stark ...Rc3+.} 54. Ke3 Rc3+ 55. Kd2 Rxh3 56. Kc2 (56. Rg1 $142 Rf3 57. Rxg7) 56... Rf3 (56... Rh2+ $142 57. Kc3 a3 (57... Rh3+ $2 58. Kb2 $19) 58. Rb1+ Kc5) 57. f5 (57. Rg1 $142 Kb4 (57... Rxf4 58. Rxg7 Kb4 59. Re7 $19) 58. Rxg7) 57... Rxf5 58. Kb2 Kb4 59. Kc2 g5 60. Rh1 Rf6 {[%emt 0:00:08] [#] Weiss muss nun ...Rf2+ beachten.} 61. Rb1+ Kc4 {[%emt 0:00:06] ( -> ...Rf2+)} 62. Rd1 g4 (62... Rf2+ $142 63. Kc1 g4 64. Rg1 Kc3 65. Re1 Rf3 66. Kb1 Kb3 67. Kc1 a3 68. Kb1 g3 69. Kc1 a2 70. Kd2 Kb2 71. Rg1 a1=Q (71... a1=B $2 72. Rh1 $19) 72. Rxa1 Kxa1 73. Ke2 Rb3 (73... g2 {führt zum Matt.} 74. Kxf3 g1=Q 75. Kf4 Qg5+ 76. Ke4 Kb2 77. Kf3 Kc2 78. Kf2 Kd2 79. Kf3 Kd3 80. Kf2 Qg4 81. Kf1 Ke3 82. Ke1 Qg1#) 74. Kf1 Rb2 75. Kg1 h5 76. Kh1 h4 77. Kg1 h3 78. Kf1 h2 79. Ke1 h1=Q#) 63. Rg1 h5 {[%emt 0:00:07] Gewichteter Fehlerwert: Weiß=0.89/Schwarz=0.41.  Verlustzug:     	Weiß=2     	---        Fehler:       	Weiß=8     	Schwarz=7     Ungenau:       	Weiß=3     	Schwarz=2     OK:         	Weiß=14    	Schwarz=18    Bester:       	Weiß=2     	Schwarz=1} 0-1

[Event "Queen Rapid Challenge 2024"]
[Site "Bucharest"]
[Date "2024.03.10"]
[Round "1.10"]
[White "Marin, Alexia-Iuliana"]
[Black "Pirvulescu, Ekaterina"]
[Result "1-0"]
[ECO "E07"]
[WhiteElo "1573"]
[BlackElo "2091"]
[Annotator "RC"]
[PlyCount "95"]
[EventDate "2024.03.09"]
[EventType "rapid"]
[EventCountry "ROU"]
[SourceTitle "playchess.com"]
[Source "ChessBase"]
[SourceQuality "1"]
[TimeControl "900+10"]

1. d4 Nf6 2. Nf3 e6 3. g3 d5 4. Bg2 Be7 5. c4 Nbd7 6. Qc2 b6 7. cxd5 exd5 8. Ne5 Bb7 9. Nc6 Bxc6 10. Qxc6 O-O 11. Bxd5 Nxd5 12. Qxd5 Re8 13. O-O Nf6 14. Qxd8 Raxd8 15. e3 c5 16. dxc5 Bxc5 17. a3 a5 18. Nc3 Ne4 19. Na4 Nd2 20. Bxd2 Rxd2 21. Nxc5 bxc5 22. Rac1 Rc8 23. Rfd1 Rxd1+ 24. Rxd1 g6 25. Rc1 f5 26. Rc4 Kf7 27. b4 axb4 28. axb4 Ke6 29. Rxc5 Rxc5 30. bxc5 Kd5 31. Kg2 Kxc5 32. Kf3 Kd5 33. Kf4 h6 34. h4 Ke6 35. g4 Kf6 36. gxf5 gxf5 37. h5 Ke6 38. f3 Kf6 39. e4 fxe4 40. fxe4 Ke6 41. e5 Ke7 42. Kf5 Kf7 43. e6+ Ke7 44. Ke5 Ke8 45. Kf6 Kf8 46. Kg6 Ke7 47. Kxh6 Kxe6 48. Kg7 1-0

[Event "Queen Rapid Challenge 2024"]
[Site "Bucharest"]
[Date "2024.03.10"]
[Round "2.1"]
[White "Sava, Ana-Maria"]
[Black "Bulmaga, Irina"]
[Result "0-1"]
[ECO "A47"]
[WhiteElo "1897"]
[BlackElo "2429"]
[Annotator "TA"]
[PlyCount "96"]
[EventDate "2024.03.09"]
[EventType "rapid"]
[EventCountry "ROU"]
[SourceTitle "playchess.com"]
[Source "ChessBase"]
[SourceQuality "1"]
[TimeControl "900+10"]

1. d4 Nf6 2. Nf3 e6 3. e3 b6 4. Bd3 Bb7 5. Nbd2 d6 6. O-O g6 7. b3 Bg7 8. Bb2 {[%emt 0:00:07] The position is equal.} Nbd7 9. e4 O-O 10. Ne1 e5 11. d5 Nc5 12. Qe2 Nh5 13. g3 {[%emt 0:00:13] Dodges Nf4} Bc8 14. Bb5 Bh3 15. Ng2 Bh6 16. b4 (16. f3 $11) 16... Nd7 (16... Bxd2 $15 17. bxc5 Bb4) 17. Bc1 a5 18. bxa5 bxa5 19. a4 Nc5 20. Nc4 (20. Nb3 $11 {remains equal.} Nxb3 21. cxb3 Bxc1 22. Rfxc1) 20... Bxc1 $17 21. Rfxc1 Bxg2 ({Better is} 21... f5 $17 22. exf5 Qg5) 22. Kxg2 $15 f5 23. exf5 Qg5 {[%emt 0:00:10] [#] ...Nf4+ would now be deadly.} 24. Kh1 Qxf5 25. Ne3 {[%emt 0:00:58] Black keeps a firm grip on the game.} ({White should play} 25. Kg2 $15) 25... Qxf2 $17 {[%emt 0:00:16] Black is more active.} 26. Qxf2 Rxf2 27. Rf1 Rxf1+ 28. Rxf1 Kg7 29. Kg2 Nf6 30. c4 (30. Nd1 $142) 30... Rb8 $19 31. Nd1 Nfe4 32. Nb2 h5 33. h4 Nf6 {[%emt 0:00:51] A dynamic duo of knights.} 34. Rf2 Rf8 35. Bc6 Rf7 ({Don't play} 35... Rb8 36. Nd1 $19) 36. Bb5 Re7 37. Re2 e4 38. Nd1 Ng4 39. Nf2 Nxf2 40. Kxf2 {[%emt 0:00:14][%mdl 4096] Endgame. KRB-KRN} Rf7+ 41. Kg2 Rf5 ({Resist} 41... Rf3 42. Rf2 Rc3 43. Be8 $19) 42. Re3 Kf6 {[%emt 0:00:08] [#] aiming for ...Ke5. Black is clearly winning.} 43. Bc6 (43. Be8 $142) 43... Ke5 44. Be8 Rf6 45. Re2 Kd4 46. Rf2 Rxf2+ 47. Kxf2 Nd3+ 48. Ke2 Ne5 {[%emt 0:00:07] Weighted Error Value: White=0.53/Black=0.16 (very precise) .  Mistake:       	White=5     	Black=2      Inaccurate:     	White=2     	---        OK:         	White=6     	Black=21     Best:        	White=2     	Black=3} (48... Kxc4 49. Bxg6 Kxd5 50. Bxh5 $17) 0-1

[Event "Queen Rapid Challenge 2024"]
[Site "Bucharest"]
[Date "2024.03.10"]
[Round "2.2"]
[White "Obada, Ema"]
[Black "Didiliuc, Dariana-Gabriela"]
[Result "1-0"]
[ECO "C06"]
[WhiteElo "1976"]
[BlackElo "1917"]
[Annotator "NA RC"]
[PlyCount "49"]
[EventDate "2024.03.09"]
[EventType "rapid"]
[EventCountry "ROU"]
[SourceTitle "playchess.com"]
[Source "ChessBase"]
[SourceQuality "1"]
[TimeControl "900+10"]

1. e4 e6 2. d4 d5 3. Nd2 Nf6 4. e5 Nfd7 5. Bd3 c5 6. c3 Nc6 7. Ne2 cxd4 8. cxd4 f6 9. exf6 Nxf6 10. Nf3 Bd6 11. O-O O-O 12. Bf4 Bxf4 13. Nxf4 Qd6 14. g3 e5 15. dxe5 Nxe5 16. Nxe5 Qxe5 17. Qb3 b6 18. Rfe1 Qd6 19. Rad1 Bb7 20. Bf1 Kh8 21. Bg2 Rfd8 22. Re6 Qd7 23. Bh3 Qf7 24. Rde1 Ne4 25. R6xe4 1-0

[Event "Queen Rapid Challenge 2024"]
[Site "Bucharest"]
[Date "2024.03.10"]
[Round "2.3"]
[White "Hoanca, Alexia-Ioana"]
[Black "Sgircea, Silvia-Raluca"]
[Result "1-0"]
[ECO "B34"]
[WhiteElo "1849"]
[BlackElo "2224"]
[Annotator "RC"]
[PlyCount "91"]
[EventDate "2024.03.09"]
[EventType "rapid"]
[EventCountry "ROU"]
[SourceTitle "playchess.com"]
[Source "ChessBase"]
[SourceQuality "1"]
[TimeControl "900+10"]

1. e4 c5 2. Nf3 Nc6 3. d4 cxd4 4. Nxd4 g6 5. Nc3 Bg7 6. Be3 Nf6 7. Nxc6 bxc6 8. e5 Ng8 9. Bd4 Qc7 10. f4 f6 11. Qe2 fxe5 12. Bxe5 Bxe5 13. fxe5 Nh6 14. O-O-O Rb8 15. h3 Nf7 16. e6 Qf4+ 17. Qd2 Qxd2+ 18. Rxd2 dxe6 19. Bc4 Nd6 20. Bb3 Rf8 21. Re1 Rf6 22. Rde2 Kf7 23. Re5 Rb4 24. Na4 Rbf4 25. Nc5 Rf1 26. Bxe6+ Bxe6 27. Rxe6 Rxe1+ 28. Rxe1 Rf2 29. Nd3 Rxg2 30. Ne5+ Ke8 31. Nxc6 Nf5 32. Nxa7 Rh2 33. b4 Kd7 34. b5 Kc7 35. a4 Kb6 36. Nc6 Rxh3 37. Nxe7 Nd4 38. Nd5+ Kc5 39. Nc7 Rh2 40. Na6+ Kb6 41. Kb1 Nxc2 42. Re6+ Kb7 43. Nc5+ Kc7 44. Rc6+ Kd8 45. Nb7+ Kd7 46. Rxc2 1-0

[Event "Queen Rapid Challenge 2024"]
[Site "Bucharest"]
[Date "2024.03.10"]
[Round "2.4"]
[White "Raeva, Elitsa"]
[Black "Dobre, Ana-Margareta-Alexan"]
[Result "1-0"]
[ECO "A46"]
[WhiteElo "2185"]
[BlackElo "1914"]
[Annotator "RC"]
[PlyCount "56"]
[EventDate "2024.03.09"]
[EventType "rapid"]
[EventCountry "ROU"]
[SourceTitle "playchess.com"]
[Source "ChessBase"]
[SourceQuality "1"]
[TimeControl "900+10"]

1. d4 Nf6 2. Nf3 e6 3. Bf4 c5 4. e3 Nc6 5. c3 cxd4 6. exd4 b6 7. Bd3 Bb7 8. O-O Be7 9. Nbd2 Nd5 10. Bg3 f5 11. h3 O-O 12. Re1 Qe8 13. a3 h6 14. c4 Nf6 15. d5 Nd8 16. d6 Nh5 17. dxe7 Qxe7 18. Bh2 g5 19. Ne5 g4 20. hxg4 Qg5 21. Ndf3 Qg7 22. gxh5 d6 23. Ng6 Rf6 24. Bxd6 Nf7 25. Be5 Nxe5 26. Nfxe5 Rd8 27. Qc2 Rd4 28. Rad1 Rh4 1-0

[Event "Queen Rapid Challenge 2024"]
[Site "Bucharest"]
[Date "2024.03.10"]
[Round "2.5"]
[White "Rata, Anamaria"]
[Black "Cosma, Elena-Luminita"]
[Result "1-0"]
[ECO "C06"]
[WhiteElo "1790"]
[BlackElo "2238"]
[Annotator "TA"]
[PlyCount "131"]
[EventDate "2024.03.09"]
[EventType "rapid"]
[EventCountry "ROU"]
[SourceTitle "playchess.com"]
[Source "ChessBase"]
[SourceQuality "1"]
[TimeControl "900+10"]

1. e4 e6 2. d4 d5 3. Nd2 Nf6 4. e5 Nfd7 5. Bd3 c5 6. c3 Nc6 7. Ne2 a5 8. O-O a4 9. Nf3 a3 10. bxa3 cxd4 11. cxd4 {[%emt 0:00:15] Weiß steht etwas besser.} Bxa3 12. Qb3 Be7 13. Nc3 O-O 14. Qb1 f5 15. exf6 Nxf6 16. Bf4 h6 (16... Ne4 $11 17. Bxe4 Rxf4 18. Bxh7+ Kh8) 17. Bg3 {[%emt 0:01:58] Weiß steht aktiver.} (17. Nb5 $5) 17... Bd6 18. Re1 Bxg3 (18... Bb4 $11 {bleibt in der Remisbreite.} 19. Rc1 Nh5) 19. hxg3 $16 Bd7 20. Ne2 (20. Qxb7 $2 Rb8 21. Qa6 Nb4 $19) 20... Qc7 21. Nf4 Qd6 22. Ng6 {[%emt 0:00:10] Verhindert Ra3} (22. Qxb7 $2 Rfb8 $19) (22. a4 $16) 22... Rfe8 $14 23. Nge5 (23. Qxb7 $2 Reb8 $19) 23... Bc8 (23... Ra4 $14) 24. Nh4 $2 (24. a4 $16) 24... Nxd4 $11 25. Nhg6 Nf5 (25... Nc6 $15) 26. Nh4 ({Besser ist} 26. g4 $14 Ne7 27. g5 hxg5 28. Qc1) 26... Nxh4 27. gxh4 Rf8 (27... Bd7 $5) 28. Re3 d4 29. Re1 Qd5 (29... Ra5 $11 30. Nc4 Qc7) 30. Bg6 ({Vorzuziehen ist} 30. Qb4 $16) 30... Ra5 31. Qd3 (31. Qb4 {hält die Spannung aufrecht.} Rb5 32. Qe7 Qc5 33. Bf7+) 31... Qd8 32. Rac1 Rd5 33. Rc4 b5 34. Rcc1 b4 35. Rb1 {[%emt 0:00:10][%mdl 1024] Weiss hat Kompensation.} Qd6 36. Nc4 (36. Qg3 $11) 36... Qf4 (36... Qc7 $17 {...Ba6 wäre nun fies.} 37. Qe2 (37. Rxb4 Rc5 $15) 37... Rc5) 37. g3 Qb8 38. Be4 (38. Qe2 $11) 38... Rdd8 (38... Nxe4 $15 39. Qxe4 d3) 39. Bg2 (39. Bf3 $5) 39... Kh8 $2 {[%emt 0:00:10] Führt Schwarz ins Verderben.} (39... Nd5 $11 {und Schwarz muss sich keine Sorgen machen.}) 40. Ne5 $18 Qb6 41. Ng6+ Kg8 42. Nxf8 Rxf8 43. Bh3 {[%emt 0:00:09] Lässt Ng4 nicht zu} Qd6 (43... Nd5 $142 44. a3 (44. Rbd1 Nc3 $18) 44... Kh8) 44. Qc4 Kh7 45. Rxb4 ({Bloß nicht} 45. Bxe6 Bxe6 46. Rxe6 Qd7) (45. Qxb4 Rd8 46. Qxd6 Rxd6 $18) 45... e5 $2 (45... d3 46. Rb3 (46. Bxe6 d2 $15) 46... d2) 46. Bxc8 Rxc8 47. Qxc8 Qxb4 48. Rxe5 {[%emt 0:00:11][%mdl 4096] Endspiel. KQR-KQN} Qb1+ 49. Kg2 Qxa2 50. Qf5+ Kg8 51. Qe6+ Qxe6 52. Rxe6 {[%emt 0:00:06] KR-KN} Kf7 53. Rd6 h5 (53... d3 $142 54. Rxd3 Ng4) 54. Rxd4 g6 55. Kf3 {[%emt 0:00:12] [#] Droht Ke3 und aus.} Ke6 56. Kf4 {[%emt 0:00:10] Weiss droht Kg5 und Matt.} Nh7 57. Ra4 {[%emt 0:00:07] Weiss will mit Ra6+ Matt setzen.} Kf6 58. Ra6+ {[%emt 0:00:13] Weiß setzt Matt.} Kg7 59. Ra7+ Kh6 {[%emt 0:00:05] [#]} 60. Rxh7+ $1 Kxh7 {[%emt 0:00:06] K3P-KPP} 61. Kg5 Kg7 62. f3 Kf7 63. Kh6 Kf6 64. g4 hxg4 65. fxg4 Kf7 66. g5 {[%emt 0:00:10] Gewichteter Fehlerwert: Weiß=0.31/Schwarz=0.61.  Verlustzug:     	---       	Schwarz=1     Fehler:       	Weiß=6     	Schwarz=9     Ungenau:       	Weiß=8     	Schwarz=8     OK:         	Weiß=9     	Schwarz=8     Bester:       	Weiß=2     	Schwarz=2} 1-0